 Dungeon Crawl Stone Soup version 0.31-a0-1620-gcbf77bbcfc (webtiles) character file.

Game seed: 13216655583568168129

121037 Flugslaktarn the Warrior (level 16, -11/161 HPs)
             Began as a Minotaur Fighter on Jan 11, 2024.
             Was a Priest of Cheibriados.
             Hit by a silver javelin thrown by a merfolk javelineer (19 damage)
             ... on level 4 of the Shoals.
             The game lasted 00:14:32 (23381 turns).

Flugslaktarn the Warrior (Minotaur Fighter)        Turns: 23381, Time: 00:14:33

Health: -11/161    AC: 25    Str: 43    XL:     16   Next: 31%
Magic:  17/23      EV: 16    Int: 13    God:    Cheibriados [***...]
Gold:   2407       SH:  0    Dex: 18    Spells: 15/15 levels left

rFire   + . .        R - +2 battleaxe (elec)
rCold   + . .        (shield currently unavailable)
rNeg    + + .        Q - +2 plate armour {rPois}
rPois   +            (helmet restricted)
rElec   +            x - +0 cloak
rCorr   +            m - +2 pair of gloves
SInv    .            C - +0 pair of boots
Will    +....        s - amulet of regeneration Stlth
                     T - ring "Xogol" {rN+ Slay+4}
HPRegen 1.26/turn    j - ring "Wiehupt" {rElec rN+ Str+6}
MPRegen 0.18/turn

%: no passive effects
@: resistant, spiked, on berserk cooldown, slowed, very slow
A: horns 2, retaliatory headbutt
a: Renounce Religion, Bend Time, Temporal Distortion


You were on level 4 of the Shoals.
You worshipped Cheibriados.
Cheibriados was most pleased with you.
You visited 5 branches of the dungeon, and saw 27 of its levels.
You also visited: Sewer, Bailey and Ice Cave.

You collected 2695 gold pieces.
You spent 288 gold pieces at shops.

Inventory:

Hand Weapons
 a - a +1 war axe of electrocution
 c - a +0 broad axe
   (You took it off a vault guard in a bailey)
 R - a +2 battleaxe of electrocution (weapon)
   (You took it off an orc warlord on level 2 of the Orcish Mines)
 S - a +2 dagger of distortion
   (You took it off Sonja on level 13 of the Dungeon)
Missiles
 G - 2 throwing nets (quivered)
Armour
 m - a +2 pair of gloves (worn)
   (You found it on level 6 of the Dungeon)
 v - a +1 plate armour
   (You found it on level 5 of the Dungeon)
 x - a +0 cloak (worn)
   (You found it on level 6 of the Dungeon)
 A - a +1 chain mail of cold resistance
   (You found it in an ice cave)
 C - a +0 pair of boots (worn)
   (You found it on level 12 of the Dungeon)
 D - a +2 buckler of positive energy
   (You found it on level 10 of the Dungeon)
 P - the +1 pair of boots of Vaijig {*Corrode rPois rF++ SInv}
   (You bought it in a shop on level 2 of the Orcish Mines)

   rF++:      It greatly protects you from fire.
   rPois:     It protects you from poison SInv: It lets you see invisible.
   *Corrode:  It may corrode you when you take damage.
 Q - a +2 plate armour of poison resistance (worn)
   (You took it off an orc warrior on level 2 of the Orcish Mines)
Jewellery
 e - an amulet of reflection
   (You found it on level 1 of the Dungeon)
 f - a ring of protection from fire
   (You found it on level 1 of the Dungeon)
 j - the ring "Wiehupt" (right hand) {rElec rN+ Str+6}
   (You acquired it on level 5 of the Dungeon)

   [ring of strength]

   Str+6:     It affects your strength (+6).
   rElec:     It insulates you from electricity.
   rN+:       It protects you from negative energy.
 k - a ring of resist corrosion
   (You found it on level 1 of the Dungeon)
 l - a ring of flight
   (You found it on level 2 of the Dungeon)
 o - a ring of poison resistance
   (You found it on level 10 of the Dungeon)
 s - an amulet of regeneration (around neck)
   (You found it on level 4 of the Dungeon)
 K - a ring of fire
   (You found it on level 2 of the Lair of Beasts)
 T - the ring "Xogol" (left hand) {rN+ Slay+4}
   (You found it on level 13 of the Dungeon)

   [ring of positive energy]

   Slay+4:    It affects your accuracy & damage with ranged weapons and melee
   (+4).
   rN+:       It protects you from negative energy.
Wands
 i - a wand of iceblast (2)
   (You found it on level 3 of the Shoals)
 n - a wand of paralysis (6)
   (You found it on level 1 of the Lair of Beasts)
 u - a wand of light (32)
   (You found it on level 9 of the Dungeon)
Scrolls
 p - a scroll of immolation
 r - a scroll of identify
 t - 11 scrolls of teleportation
 z - a scroll of blinking
 H - 2 scrolls of fog
 L - 2 scrolls of enchant weapon
 M - a scroll of summoning
 O - a scroll of fear
 U - a scroll of silence {unknown}
Potions
 b - 3 potions of mutation
 d - 10 potions of might
 g - a potion of cancellation
 h - a potion of haste
 y - 2 potions of lignification
 B - 2 potions of enlightenment
 F - a potion of magic
 J - 2 potions of attraction
Miscellaneous
 I - a phial of floods
   (You found it on level 2 of the Lair of Beasts)


   Skills:
 * Level 19.6 Fighting
 - Level 18.0 Axes
 + Level 14.7 Armour
 + Level 11.2 Dodging
 - Level 8.5 Shields
 + Level 11.1 Invocations


You had 15 spell levels left.
You didn't know any spells.
Your spell library contained the following spells:

 Spells                   Type           Power      Damage    Failure   Level
 Apportation              Tloc           0%         N/A       71%         1
 Sting                    Conj/Alch      0%         1d3       71%         1
 Cigotuvi's Dreadful Rot  Necr/Alch/Air  0%         N/A       83%         2
 Jinxbite                 Hex            0%         N/A       83%         2
 Mercury Vapours          Alch/Air       0%         N/A       83%         2
 Scorch                   Fire           0%         2d5       83%         2
 Frozen Ramparts          Ice            0%         1d1       97%         3
 Hailstorm                Conj/Ice       0%         3d5       97%         3
 Inner Flame              Hex/Fire       0%         N/A       97%         3
 Summon Ice Beast         Ice/Summ       0%         N/A       97%         3
 Tukima's Dance           Hex            0%         N/A       97%         3
 Dimensional Bullseye     Hex/Tloc       0%         N/A       100%        4
 Flame Wave               Conj/Fire      0%         2d4       100%        4
 Ignite Poison            Fire/Alch      0%         N/A       100%        4
 Iskenderun's Mystic Bla  Conj/Tloc      0%         2d3       100%        4
 Olgreb's Toxic Radiance  Alch           0%         N/A       100%        4
 Sticky Flame             Fire/Alch      0%         2d4       100%        4
 Vhi's Electric Charge    Tloc/Air       0%         N/A       100%        4
 Alistair's Intoxication  Alch           0%         N/A       100%        5
 Arcjolt                  Conj/Air       0%         1d10      100%        5
 Freezing Cloud           Conj/Ice/Air   0%         6-21      100%        5
 Summon Forest            Summ/Tloc      0%         N/A       100%        5
 Summon Mana Viper        Hex/Summ       0%         N/A       100%        5
 Plasma Beam              Fire/Air       0%         2x1d10    100%        6
 Sculpt Simulacrum        Ice/Alch       0%         N/A       100%        6
 Summon Cactus Giant      Summ           0%         N/A       100%        6
 Polar Vortex             Ice            0%         N/A       100%        9


Dungeon Overview and Level Annotations

Branches:
Dungeon (15/15)            Temple (1/1) D:6            Lair (5/5) D:8
 Shoals (4/4) Lair:3       Spider (0/4) Lair:3        Slime (0/5) Lair:4
    Orc (2/2) D:12            Elf (0/3) Orc:2        Vaults (0/5) D:13
 Depths (0/4) D:15          Sewer (visited)          Bailey (visited)
  IceCv (visited)

Altars:
Ashenzari
Cheibriados
Dithmenos
Elyvilon
Fedhas
Gozag
Hepliaklqana
Kikubaaqudgha
Makhleb
Nemelex Xobeh
Okawaru
Qazlal
Ru
Sif Muna
Trog
Uskayaw
Vehumet
Wu Jian
Xom
Yredelemnul
Zin
The Shining One
Jiyva

Shops:
D:9 (   Orc:2 [*:(

Annotations:
D:15 exclusion: orange crystal statue
Shoals:2 Roxanne


Innate Abilities, Weirdness & Mutations

You have a pair of horns on your head.
You reflexively headbutt those who attack you in melee.


Message History

The merfolk aquamancer blinks!
The merfolk aquamancer gestures wildly while chanting.
The merfolk aquamancer blinks!
Unknown command.
You slice the merfolk aquamancer!!
You kill the merfolk aquamancer!
Cheibriados appreciates the change of pace.
You hear a splash. x2
A manticore comes into view.
You enter the shallow water.
Moving in this stuff is going to be slow.
A manticore comes into view.
Things that are here:
a +0 rapier of freezing; a +0 robe; a merfolk corpse
Found a +0 leather armour.
Okay, then.
An alligator snapping turtle comes into view.
The alligator snapping turtle hisses angrily.
A water nymph comes into view.
A manticore comes into view.
The merfolk javelineer throws a silver javelin.
The silver javelin pierces through you!
* * * LOW HITPOINT WARNING * * *
x2 The water nymph moves out of view.
An alligator snapping turtle comes into view.
The alligator snapping turtle hisses angrily.
The merfolk javelineer throws a silver javelin.
The silver javelin pierces through you but does no damage.
* * * LOW HITPOINT WARNING * * *
Unknown command.
Unknown command.
Blink to where?
Press: ? - help, Dir - move target
As you read the scroll of blinking, it crumbles to dust.
The merfolk javelineer throws a silver javelin.
The silver javelin barely misses you.
Unknown command.
Unknown command.
As you read the scroll of teleportation, it crumbles to dust.
You feel strangely unstable.
Unknown command.
You feel better.
It was a potion of resistance.
You feel protected.
The merfolk javelineer throws a silver javelin.
The silver javelin closely misses you.
The manticore flicks its tail.
The volley of spikes skewers you but does no damage.
It was a potion of berserk rage.
A red film seems to cover your vision as you go berserk!
Cheibriados protects you from inadvertent hurry.
You feel mighty!
The merfolk javelineer throws a silver javelin.
The silver javelin closely misses you.
The manticore flicks its tail.
The volley of spikes skewers you!
The barbed spikes become lodged in your body.
* * * LOW HITPOINT WARNING * * *
Unknown command.
Unknown command.
You feel a strong urge to attack something.
Your surroundings seem slightly different.
A merfolk impaler comes into view. It is wielding a +0 trident of venom.
The manticore flicks its tail.
The volley of spikes skewers you but does no damage.
Unknown command.
Okay, then.
Unknown command.
Okay, then.
You are too berserk!
Unknown command.
A merfolk comes into view. It is wielding a +0 glaive.
The alligator snapping turtle bites you from afar!
* * * LOW HITPOINT WARNING * * *
You feel your anger nearly subside.
The sea snake bites you but does no damage.
The alligator snapping turtle bites you from afar!
* * * LOW HITPOINT WARNING * * *
The sea snake barely misses you.
The merfolk javelineer throws a silver javelin.
The silver javelin misses you.
You slash the sea snake!
Lightning courses through the sea snake!!
The sea snake is almost dead.
You slice the manticore!!
The alligator snapping turtle misses you.
The sea snake bites you but does no damage.
You open the sea snake like a pillowcase!!!
Lightning courses through the sea snake!
You kill the sea snake!
Cheibriados appreciates the change of pace.
You slice the manticore!!
Lightning courses through the manticore!!
You kill the manticore!
Cheibriados appreciates the change of pace.
You are no longer berserk.
You are exhausted.
You feel yourself slow down.
The merfolk javelineer throws a silver javelin.
The silver javelin pierces through you!!
You die...

##################
.......~~~S.).....
...?k†)~m)...)).k.
##########Hm#######
#8@..m.m..t)~......
#..†..#~~))†~~.#...
#.ttHmm~~†††#~~~~~.
#..~~~~#~~~.~#~.~~~
#.[#~H~~~##.#~~~~~.
#.....##~~)~~~~#.$.
#8.................
###################


You could see 2 alligator snapping turtles, a merfolk impaler, a merfolk
javelineer, a merfolk, 2 manticores and a water nymph.

Vanquished Creatures
  Frances (D:13)
  Polyphemus (Shoals:2)
  A kraken (Shoals:1)
  An orc warlord (Orc:2)
  A reaper (IceCv)
  A merfolk javelineer (Shoals:4)
  4 merfolk impalers
  A fire dragon (Lair:5)
  2 vault guards (Bailey)
  A rakshasa (D:15)
  4 hydras
  2 catoblepae
  An alligator snapping turtle (Shoals:3)
  7 two-headed ogres
  3 centaur warriors
  3 boulder beetles
  A merfolk avatar (Shoals:4)
  4 merfolk aquamancers
  A tengu warrior (D:15)
  3 death yaks (Shoals:2)
  An orc high priest (Orc:2)
  An occultist (D:15)
  Nergalle (Lair:1)
  Sonja (D:13)
  8 skeletal warriors (D:14)
  3 skysharks
  5 sea snakes
  A lindwurm (Lair:5)
  6 orc knights
  A necromancer (D:15)
  A harpy (shapeshifter) (D:14)
  17 harpies
  5 cyclopes
  A deep elf zephyrmancer (D:15)
  14 ugly things
  A deep elf pyromancer (D:15)
  3 meliai (D:15)
  5 orc sorcerers
  4 manticores
  A centaur zombie (D:15)
  3 merfolk sirens
  3 kobold blastminers
  3 black mambas
  18 elephants
  7 water nymphs
  A centaur skeleton (D:15)
  Joseph (Lair:1)
  6 torpor snails
  11 cane toads
  2 ice statues (IceCv)
  4 rime drakes (Lair:4)
  Maggie (Lair:1)
  A tengu conjurer (D:15)
  6 komodo dragons
  4 tyrant leeches (Lair:5)
  2 freezing wraiths
  3 anaconda simulacra (IceCv)
  6 ice devils (IceCv)
  3 trolls
  7 merfolk
  8 hornets
  Prince Ribbit (Bailey)
  A polar bear (shapeshifter) (D:15)
  17 dream sheep
  A snapping turtle (Shoals:1)
  27 blink frogs
  4 wind drakes (Shoals:4)
  A culicivora (Lair:3)
  6 slime creatures (D:14)
  2 shadows
  10 water elementals
  3 wraiths
  3 air elementals (Shoals:4)
  3 centaur simulacra
  3 vampires
  3 wyverns
  29 yaks
  2 fire elementals (Lair:4)
  2 humans (Bailey)
  A redback (Lair:3)
  6 vampire mosquitoes (D:13)
  5 basilisks
  A redback simulacrum (D:15)
  A warg (Orc:2)
  Menkaure (D:5)
  2 acid dragons
  Edmund (D:5)
  A hydra simulacrum (IceCv)
  14 water moccasins
  A black bear (D:5)
  19 orc warriors
  3 ice beasts
  Pargi (Sewer)
  A sky beast (shapeshifter) (D:15)
  9 ogres
  A sky beast (D:7)
  16 wolves
  6 centaurs
  3 phantoms
  A kobold brigand (D:10)
  Blork the orc (D:5)
  14 bullfrogs
  A cane toad simulacrum (D:12)
  2 two-headed ogre simulacra (IceCv)
  3 elephant simulacra
  5 killer bees (D:9)
  2 electric eels
  4 howler monkeys
  3 hounds
  5 jellies
  15 orc priests
  A gnoll bouda (D:6)
  3 sleepcaps
  Natasha (twice) (D:3)
  20 orc wizards
  7 iguanas
  4 troll simulacra
  2 spriggan simulacra
  A polar bear simulacrum (IceCv)
  3 wolf simulacra
  6 ogre zombies (D:12)
  6 gnolls (D:6)
  4 adders
  6 naga simulacra
  A river rat (D:4)
  3 shadow imps
  3 white imps
  3 ufetubi
  3 dart slugs
  3 ribbon worms
  62 orcs
  8 ball pythons
  3 endoplasms
  4 giant cockroaches
  3 gnoll zombies (D:12)
  6 hobgoblins
  6 jackals
  A quokka (D:5)
  A bat (D:2)
  2 frilled lizards (D:2)
  2 gnoll skeletons (D:12)
  9 goblins
  14 kobolds
  An orc skeleton (D:12)
  13 orc zombies (D:12)
  3 rats
  3 tentacles (Shoals:1)
712 creatures vanquished.

Vanquished Creatures (others)
  An occultist (D:15)
  A water elemental (Shoals:4)
  An orc (D:15)
  2 tentacles (Shoals:1)
5 creatures vanquished.

Grand Total: 717 creatures vanquished

Notes
Turn   | Place    | Note
-------+----------+-------------------------------------------
     0 | D:1      | Flugslaktarn the Minotaur Fighter began the quest for the
                  | Orb.
     0 | D:1      | Reached XP level 1. HP: 19/19 MP: 0/0
   257 | D:1      | Reached XP level 2. HP: 27/27 MP: 1/1
   462 | D:1      | Reached skill level 4 in Fighting
  2115 | D:3      | Found a faded altar of an unknown god.
  2118 | D:3      | Reached XP level 3. HP: 33/33 MP: 2/2
  2398 | D:3      | Noticed Natasha
  2400 | D:3      | Identified the -2 helmet "Yloi" {rElec}
  2403 | D:3      | Killed Natasha
  2404 | D:3      | Reached XP level 4. HP: 34/41 MP: 3/3
  2638 | D:3      | Noticed Natasha
  2646 | D:3      | Killed Natasha
  2682 | D:4      | Reached skill level 5 in Fighting
  2682 | D:4      | Reached XP level 5. HP: 28/48 MP: 4/4
  2730 | D:4      | Noticed a phantom
  2741 | D:4      | Killed a phantom
  2742 | D:4      | Reached skill level 5 in Axes
  2742 | D:4      | Reached XP level 6. HP: 25/57 MP: 5/5
  2957 | D:4      | Found a sacrificial altar of Ru.
  3134 | D:4      | Found a glowing drain.
  3145 | Sewer    | Entered a sewer
  3209 | Sewer    | Noticed Pargi
  3219 | Sewer    | Killed Pargi
  3220 | Sewer    | Reached skill level 6 in Fighting
  3220 | Sewer    | Reached skill level 5 in Shields
  3405 | D:4      | Reached skill level 5 in Armour
  3491 | D:4      | Found a radiant altar of Vehumet.
  3619 | D:5      | Entered Level 5 of the Dungeon
  3624 | D:5      | Identified a scroll of acquirement
  3624 | D:5      | Acquired the ring "Wiehupt" {rElec rN+ Str+6}
  3691 | D:5      | Noticed Blork the orc
  3696 | D:5      | Killed Blork the orc
  3697 | D:5      | Reached XP level 7. HP: 58/64 MP: 6/6
  3855 | D:5      | Reached skill level 7 in Fighting
  3932 | D:5      | Noticed Menkaure
  3938 | D:5      | Killed Menkaure
  4115 | D:5      | Noticed Edmund
  4122 | D:5      | Killed Edmund
  4123 | D:5      | Reached XP level 8. HP: 54/73 MP: 7/7
  5266 | D:6      | Reached skill level 8 in Fighting
  5315 | D:6      | Found a staircase to the Ecumenical Temple.
  5328 | Temple   | Entered the Ecumenical Temple
  5401 | Temple   | Became a worshipper of Cheibriados the Contemplative
  5513 | D:6      | Found a sparkling altar of Nemelex Xobeh.
  6020 | D:6      | Reached skill level 1 in Invocations
  6481 | D:7      | Reached * piety under Cheibriados
  6586 | D:7      | Reached XP level 9. HP: 82/82 MP: 9/9
  6684 | D:7      | Reached skill level 9 in Fighting
  7482 | D:8      | Noticed a two-headed ogre
  7492 | D:8      | Killed a two-headed ogre
  7585 | D:8      | Reached ** piety under Cheibriados
  7649 | D:8      | Found a staircase to the Lair.
  7666 | D:8      | Reached skill level 10 in Fighting
  8820 | D:9      | Identified the +6 sling of Conscience {freeze, Will++
                  | Stlth-}
  8834 | D:9      | Noticed a two-headed ogre
  8841 | D:9      | Killed a two-headed ogre
  8842 | D:9      | Reached skill level 10 in Axes
  8842 | D:9      | Reached XP level 10. HP: 83/94 MP: 11/11
  8950 | D:9      | Found Tyninaim's Weapon Shoppe.
  8984 | D:9      | Noticed a two-headed ogre
  8991 | D:9      | Killed a two-headed ogre
  9198 | D:9      | Noticed a two-headed ogre
  9214 | D:9      | Killed a two-headed ogre
  9215 | D:9      | Reached skill level 11 in Fighting
  9533 | D:10     | Entered Level 10 of the Dungeon
  9541 | D:10     | Reached *** piety under Cheibriados
  9623 | D:10     | Noticed a two-headed ogre
  9630 | D:10     | Killed a two-headed ogre
  9631 | D:10     | Reached skill level 1 in Dodging
  9645 | D:10     | Found a flagged portal.
  9654 | Bailey   | Entered a bailey
  9740 | Bailey   | Reached XP level 11. HP: 101/104 MP: 13/13
  9763 | Bailey   | Noticed a vault guard
  9779 | Bailey   | Killed a vault guard
  9780 | Bailey   | Reached skill level 5 in Invocations
  9830 | Bailey   | Noticed Prince Ribbit
  9830 | Bailey   | Noticed a vault guard
  9839 | Bailey   | Killed Prince Ribbit
  9840 | Bailey   | Reached skill level 12 in Fighting
  9842 | Bailey   | Killed a vault guard
  9888 | D:10     | Found an iron altar of Okawaru.
  9900 | D:10     | Reached **** piety under Cheibriados
 10292 | D:10     | Found an ornate altar of the Wu Jian Council.
 10852 | D:12     | Noticed a boulder beetle
 10866 | D:12     | Killed a boulder beetle
 11005 | D:12     | Found a staircase to the Orcish Mines.
 11065 | D:12     | Found a frozen archway.
 11084 | IceCv    | Entered an ice cave
 11213 | IceCv    | Reached skill level 13 in Fighting
 11334 | IceCv    | Noticed a reaper
 11349 | IceCv    | Killed a reaper
 11350 | IceCv    | Reached skill level 10 in Armour
 11350 | IceCv    | Reached XP level 12. HP: 98/115 MP: 15/15
 11360 | IceCv    | Got the Directory of the Chill
 12062 | D:12     | Reached skill level 5 in Dodging
 12171 | D:12     | Found a bloodstained altar of Trog.
 12562 | Lair:1   | Entered Level 1 of the Lair of Beasts
 12584 | Lair:1   | Noticed Maggie
 12591 | Lair:1   | Killed Maggie
 12610 | Lair:1   | Noticed Nergalle
 12626 | Lair:1   | Killed Nergalle
 12626 | Lair:1   | Reached ***** piety under Cheibriados
 12627 | Lair:1   | Reached skill level 14 in Fighting
 12661 | Lair:1   | Noticed a boulder beetle
 12772 | Lair:1   | Found a glowing golden altar of the Shining One.
 12795 | Lair:1   | You fall into a shaft and drop 1 floor!
 13914 | Lair:1   | Reached XP level 13. HP: 125/125 MP: 17/17
 14125 | Lair:1   | Noticed Joseph
 14135 | Lair:1   | Killed Joseph
 14623 | Lair:3   | Found a hole to the Spider Nest.
 14689 | Lair:3   | Reached skill level 15 in Fighting
 14816 | Lair:3   | Reached skill level 15 in Axes
 14870 | Lair:3   | Reached ****** piety under Cheibriados
 15157 | Lair:3   | Found a staircase to the Shoals.
 15841 | Lair:4   | Found a staircase to the Slime Pits.
 15872 | Lair:4   | Found a viscous altar of Jiyva.
 16688 | Lair:5   | Entered Level 5 of the Lair of Beasts
 16701 | Lair:5   | Reached skill level 16 in Fighting
 16750 | Lair:5   | Reached XP level 14. HP: 137/137 MP: 19/19
 18129 | Orc:1    | Entered Level 1 of the Orcish Mines
 18603 | Orc:2    | Entered Level 2 of the Orcish Mines
 18623 | Orc:2    | Noticed an orc warlord
 18627 | Orc:2    | Reached skill level 17 in Fighting
 18630 | Orc:2    | Killed an orc warlord
 18874 | Orc:2    | Found Temesum's Book Boutique.
 18958 | Orc:2    | Found Akkop's Antique Armour Boutique.
 18964 | Orc:2    | Bought a pair of masterwork boots for 228 gold pieces
 18964 | Orc:2    | Identified the +1 pair of boots of Vaijig {*Corrode rPois
                  | rF++ SInv} (You bought it in a shop on level 2 of the
                  | Orcish Mines)
 18977 | Orc:2    | Found a staircase to the Elven Halls.
 19127 | Orc:2    | Found Oquruesy's General Store.
 19133 | Orc:2    | Bought a scroll of fear for 60 gold pieces
 19142 | Orc:2    | Found Dooziub's Antique Weapon Boutique.
 19584 | D:13     | Identified the +4 hand axe of Bodily Harmony {holy,
                  | ^Fragile rN+ Int+3 Dex+2}
 19602 | D:13     | Identified the ring "Xogol" {rN+ Slay+4}
 19654 | D:13     | Noticed Sonja
 19655 | D:13     | Killed Sonja
 19779 | D:13     | Found a gate to the Vaults.
 19852 | D:13     | Found a snail-covered altar of Cheibriados.
 20304 | D:13     | Noticed Frances
 20310 | D:13     | Killed Frances
 20546 | D:14     | Reached XP level 15. HP: 147/147 MP: 21/21
 20759 | D:14     | Identified the +1 orcbow "Dragon's Tongue" {heavy, Int+3
                  | Stlth+}
 20802 | D:14     | Identified the +2 chain mail of Lobuguad {rElec rC++ Str+2
                  | Slay-2}
 20953 | D:14     | Identified the +1 robe of Defence {Fly rPois Str+2}
 21185 | D:14     | Found a glowing golden altar of the Shining One.
 21206 | D:15     | Entered Level 15 of the Dungeon
 21325 | D:15     | Reached skill level 18 in Fighting
 21326 | D:15     | Reached skill level 10 in Invocations
 21730 | D:15     | Reached skill level 10 in Dodging
 21958 | D:15     | Found a staircase to the Depths.
 22317 | Shoals:1 | Entered Level 1 of the Shoals
 22496 | Shoals:1 | Noticed a kraken
 22504 | Shoals:1 | Killed a kraken
 22565 | Shoals:2 | Noticed Roxanne
 22701 | Shoals:3 | Reached skill level 19 in Fighting
 22823 | Shoals:2 | Noticed Polyphemus
 22830 | Shoals:2 | Reached XP level 16. HP: 79/160 MP: 23/23
 22837 | Shoals:2 | Killed Polyphemus
 23050 | Shoals:4 | Entered Level 4 of the Shoals
 23050 | Shoals:4 | Found a stormy altar of Qazlal.
 23063 | Shoals:4 | Paralysed by an air elemental for 1 turns
 23064 | Shoals:4 | HP: 6/160 [air elemental (9)]
 23065 | Shoals:4 | Paralysed by an air elemental for 1 turns
 23072 | Shoals:4 | Paralysed by an air elemental for 1 turns
 23316 | Shoals:4 | Paralysed by an air elemental for 1 turns
 23379 | Shoals:4 | HP: 9/241 [alligator snapping turtle (14)]
 23381 | Shoals:4 | Hit by a silver javelin thrown by a merfolk javelineer

Illustrated notes

Levels and vault maps discovered:
D:1:      shiori_arrival_elements, layout_basic, serial_forest,
          infiniplex_forest_clump_cross, infiniplex_forest_side_room,
          infiniplex_forest_lined_3_way, infiniplex_forest_clump_long,
          infiniplex_forest_straight_5, infiniplex_forest_straight_2,
          infiniplex_forest_straight_4, minmay_octomino_e4
D:2:      layout_loops_cross
D:3:      layout_basic, hellmonk_ecumenical_altar_blasted, uniq_natasha
D:4:      layout_cave_pools, general_overflow_altar, nicolae_ru_awakened_eye,
          portal_sewer_entry_e, nrook_mini_vaults
D:5:      layout_layer_cave, grunt_ministairs_13, minmay_misc_feat_nine_boxes,
          uniq_blork_the_orc, uniq_menkaure, uniq_edmund
D:6:      layout_basic, lemuel_tele_altar,
          minmay_temple_entry_statues_fountains, roderic_roman_lattice,
          grunt_ministairs_3
D:7:      layout_gridville, minivault_14, st_stairs_5,
          chequers_serial_rivers_micro_a, minmay_misc_feat_secret_circle
D:8:      layout_layer_cave, lair_entry_dummy, nicolae_wwwww
D:9:      layout_roguey, serial_shops, shop
D:10:     layout_gridville, okawaru_gym_becter, nzn_wu_jian_contemplation,
          enter_bailey_7
D:11:     layout_cross, grunt_decor_one_mirror
D:12:     layout_gridville, zombieorc1_lemuel, serial_ice, serial_ice_m,
          serial_ice_k, serial_ice_c, serial_ice_h,
          portal_ice_cave_entry_ice_simulacra, trog_hazing_becter
D:13:     layout_basic, hellmonk_vaults_attempted_burglary,
          kennysheep_slug_shrine, uniq_sonja, uniq_frances
D:14:     layout_gridville, minmay_crystal_water, tso_oasis_becter
D:15:     grunt_enter_depths_magical_seal, layout_cave_pools, glass_columns_a,
          minmay_protected_statue
Temple:   minmay_temple_bridge_d
Lair:1:   layout_regular_city, basic_altar, uniq_nergalle, uniq_maggie,
          uniq_joseph
Lair:2:   layout_small_grid, serial_bayou_shore_b
Lair:3:   layout_roguey, nicolae_shoals_entry_roost, spider_nest_entry_rubble,
          chequers_serial_rivers_room_a
Lair:4:   layout_gridlike, nicolae_slime_entry_field_trip
Lair:5:   wormcave, layout_hall_layers, grunt_megastairs_5
Shoals:1: layout_shoals, nicolae_shoals_nautilus_by_nature,
          nicolae_shoals_circle_sea_wall
Shoals:2: layout_shoals, nicolae_shoals_so_close, uniq_nikola, uniq_louise,
          uniq_roxanne, uniq_polyphemus
Shoals:3: layout_shoals, serial_shops, nicolae_shop_pleasant_corner_grove
Shoals:4: shoals_end_hellmonk_storm_palace [storm_palace_center_circular,
          storm_palace_corner_pillars, storm_palace_corner_altar,
          storm_palace_corner_pillars, storm_palace_corner_grid]
Orc:1:    layout_caves, serial_shops, nicolae_shop_waterfront, basic_altar
Orc:2:    grunt_orc_cross, layout_caves

Skill      XL: |  1  2  3  4  5  6  7  8  9 10 11 12 13 14 15 16 |
---------------+-------------------------------------------------+-----
Fighting       | 4 5 6 7 8 10 11 13 14 16 17 19 | 19.6
Axes           | 3 4 5 6 8 10 11 12 14 15 17 18 | 18.0
Armour         | 4 5 6 7 8 10 11 12 13 14 | 14.7
Shields        | 4 5 6 7 8 |  8.5
Invocations    | 1 3 4 6 7 8 9 10 11 | 11.1
Dodging        | 1 4 6 7 9 10 11 | 11.2

Action                     |  1- 3 |  4- 6 |  7- 9 | 10-12 | 13-15 | 16-18 || total
---------------------------+-------+-------+-------+-------+-------+-------++-------
  Melee: War axe           |    43 |    82 |   189 |   414 |   385 |       ||  1113
         Headbutt          |     5 |    15 |    28 |   100 |   177 |     8 ||   333
         Battleaxe         |       |       |       |       |   275 |    49 ||   324
 Invoke: Slouch            |       |       |       |     1 |    10 |    10 ||    21
  Evoke: Wand              |       |       |       |       |       |     1 ||     1
    Use: Scroll            |       |    10 |     5 |     2 |     5 |     3 ||    25
         Potion            |       |     1 |     2 |     3 |     1 |     8 ||    15
   Stab: Distracted        |       |       |       |     1 |       |       ||     1
 Armour: Scale mail        |    25 |    62 |    76 |       |       |       ||   163
         Plate armour      |       |       |   102 |   268 |   665 |   121 ||  1156
  Dodge: Dodged            |     7 |    34 |    57 |   149 |   547 |    78 ||   872
  Block: Buckler           |    13 |    62 |    46 |   164 |   185 |       ||   470
         Reflection        |       |     2 |       |       |       |       ||     2

Table legend: (Time is in decaauts)
 A = Elapsed time spent in this place.
 B = Non-inter-level travel time spent in this place.
 C = Inter-level travel time spent in this place.
 D = Time resting spent in this place.
 E = Time spent auto-exploring this place.
 F = Levels seen in this place.
 G = Mean time per level.
                   A        B        C        D        E       F      G
               +--------+--------+--------+--------+--------+-----+--------+
         Total |  34333 |  32098 |   2235 |    948 |  26884 |  30 | 1144.4 |
       Dungeon |  19253 |  17872 |   1381 |    433 |  15258 |  15 | 1283.5 |
        Temple |    166 |      3 |    163 |      0 |      0 |   1 |  166.0 |
          Lair |   9843 |   9284 |    559 |    114 |   8233 |   5 | 1968.6 |
        Shoals |   1393 |   1347 |     46 |    148 |    756 |   4 |  348.2 |
  Orcish Mines |   2554 |   2469 |     85 |     70 |   2186 |   2 | 1277.0 |
         Sewer |    167 |    167 |      0 |      0 |    111 |   1 |  167.0 |
        Bailey |    273 |    273 |      0 |     29 |    142 |   1 |  273.0 |
      Ice Cave |    681 |    681 |      0 |    154 |    197 |   1 |  681.0 |
               +--------+--------+--------+--------+--------+-----+--------+

Top non-repeatable levels by time:
     D:8: 2332 daAuts
  Lair:5: 2133 daAuts
  Lair:4: 2063 daAuts
  Lair:2: 2020 daAuts
  Lair:3: 1940 daAuts
    D:12: 1852 daAuts
     D:5: 1792 daAuts
    D:13: 1704 daAuts
  Lair:1: 1686 daAuts
   Orc:2: 1641 daAuts
    D:15: 1471 daAuts
     D:9: 1295 daAuts
    D:14: 1201 daAuts
     D:3: 1093 daAuts
     D:6: 1086 daAuts
